 Dungeon Crawl Stone Soup version 0.20-a0-556-g892c87b (webtiles) character file.

26028 drasked the Covert (level 12, 0/51 HPs)
             Began as a Spriggan Wizard on Feb 4, 2017.
             Was an Elder of Vehumet.
             Slain by a seven-headed hydra (6 damage)
             ... on level 4 of the Lair of Beasts.
             The game lasted 01:54:40 (22060 turns).

drasked the Covert (Spriggan Wizard)               Turns: 22060, Time: 01:54:40

Health: 0/51       AC:  4    Str:  3    XL:     12   Next: 94%
Magic:  29/37      EV: 24    Int: 23    God:    Vehumet [****..]
Gold:   684        SH:  8    Dex: 18    Spells: 2/34 levels left

rFire    + . .     SeeInvis +   h - +7 dagger (venom)
rCold    + . .     Gourm    .   L - +0 robe {rC+}
rNeg     + + .     Faith    .   s - +1 buckler "Giodih" {rF+ MR+ rCorr}
rPois    +         Spirit   .   b - +0 hat
rElec    .         Reflect  .   j - +1 cloak of Hur Qec {rN++ Dex+2}
rCorr    +         Harm     .   (gloves unavailable)
MR       +++..                  (boots unavailable)
Stlth    ++++++....             (no amulet)
Regen    0.2/turn               y - ring of poison resistance {rPois, !d}
                                q - ring of magical power {MP+9}

@: about to teleport, barbed spikes, repel missiles, very quick
A: unfitting armour, see invisible, herbivore 3, speed 3, slow metabolism 2
a: Renounce Religion


You were on level 4 of the Lair of Beasts.
You worshipped Vehumet.
Vehumet was greatly pleased with you.
You were not hungry.

You visited 3 branches of the dungeon, and saw 16 of its levels.
You also visited: Ice Cave.

You collected 820 gold pieces.
You spent 136 gold pieces at shops.

Inventory:

Hand Weapons
 h - a +7 dagger of venom (weapon)
   (You took it off an orc wizard on level 8 of the Dungeon)
Armour
 b - a +0 hat (worn)
 j - the +1 cloak of Hur Qec (worn) {rN++ Dex+2}
   (You acquired it on level 9 of the Dungeon)

   It affects your dexterity (+2).
   It greatly protects you from negative energy.
 s - the +1 buckler "Giodih" (worn) {rF+ MR+ rCorr}
   (You found it on level 10 of the Dungeon)

   It protects you from fire.
   It affects your resistance to hostile enchantments.
   It protects you from acid and corrosion.
 L - a +0 robe of cold resistance (worn)
   (You found it on level 6 of the Dungeon)
Jewellery
 q - a ring of magical power (left hand) {MP+9}
   (You found it on level 2 of the Dungeon)
 y - a ring of poison resistance (right hand) {rPois, !d}
   (You found it on level 3 of the Lair of Beasts)
 C - an uncursed ring of flight {+Fly, !d}
   (You found it on level 4 of the Dungeon)
 Z - an uncursed ring of stealth {Stlth+}
   (You found it on level 7 of the Dungeon)
Wands
 a - a wand of disintegration (8/24)
   (You found it on level 1 of the Lair of Beasts)
 p - a wand of digging (6/24)
   (You found it on level 9 of the Dungeon)
 t - a wand of iceblast (12/15)
   (You found it on level 9 of the Dungeon)
 A - a wand of paralysis (15/24)
   (You took it off Maurice on level 11 of the Dungeon)
 T - a wand of lightning (5/15)
   (You found it on level 6 of the Dungeon)
 W - a wand of confusion (38/48)
   (You found it on level 7 of the Dungeon)
 X - a wand of iceblast (7/15)
   (You found it on level 7 of the Dungeon)
Scrolls
 g - 2 scrolls of recharging
 i - 6 scrolls of identify
 l - 7 scrolls of remove curse
 n - 2 scrolls of fear
 u - 5 scrolls of blinking {!r}
 v - 3 scrolls of teleportation
 J - 3 scrolls of amnesia
 V - 4 scrolls of immolation {!r}
Potions
 e - 5 potions of curing
 o - 5 potions of heal wounds
 r - a potion of resistance
 w - a potion of might
 x - 2 potions of lignification {!q}
 z - a potion of invisibility
 B - 2 potions of agility {unknown}
 E - 2 potions of berserk rage {unknown}
 G - 2 potions of haste {unknown}
 I - 3 potions of flight
 K - a potion of beneficial mutation {unknown}
 M - 4 potions of ambrosia
 U - 2 potions of brilliance
Books
 c - a book of Minor Magic
 k - a book of Air
   (You found it on level 8 of the Dungeon)
 m - a book of Enchantments
   (You found it on level 9 of the Dungeon)
 Y - a book of Geomancy
   (You found it on level 7 of the Dungeon)
Comestibles
 d - 16 bread rations {@e1}
 D - 9 fruits
 Q - 3 royal jellies


   Skills:
 - Level 3.1 Short Blades
 + Level 8.6 Dodging
 - Level 14.5 Stealth
 + Level 4.0 Shields
 - Level 11.9 Spellcasting
 - Level 7.3 Conjurations
 + Level 11.8 Charms
 - Level 0.7 Summonings
 - Level 1.5 Translocations
 - Level 2.3 Transmutations
 - Level 2.0 Fire Magic
 - Level 3.9 Air Magic
 - Level 4.0 Earth Magic
 - Level 4.0 Poison Magic


You had 2 spell levels left.
You knew the following spells:

 Your Spells              Type           Power        Failure   Level  Hunger
a - Magic Dart            Conj           ####         1%          1    None
b - Blink                 Tloc           N/A          4%          2    None
c - Call Imp              Summ           ###.....     10%         2    None
d - Repel Missiles        Chrm/Air       ######       1%          2    None
e - Conjure Flame         Conj/Fire      #####...     1%          3    None
f - Stone Arrow           Conj/Erth      #####.       1%          3    None
g - Throw Flame           Conj/Fire      #####.       1%          2    None
h - Deflect Missiles      Chrm/Air       ######....   38%         6    #####..
i - Throw Icicle          Conj/Ice       ####....     4%          4    None
s - Swiftness             Chrm/Air       ######..     1%          2    None
w - Passwall              Tmut/Erth      ####......   2%          2    None
x - Mephitic Cloud        Conj/Pois/Air  #####...     1%          3    None


Dungeon Overview and Level Annotations

Branches:
Dungeon (11/15)            Temple (1/1) D:5            Lair (4/6) D:9
 Shoals (0/4) Lair:4        Snake (0/4) Lair:2          Orc (0/2) D:11

Altars:
Ashenzari
Cheibriados
Dithmenos
Elyvilon
Fedhas
Gozag
Hepliaklqana
Kikubaaqudgha
Makhleb
Nemelex Xobeh
Okawaru
Qazlal
Ru
Sif Muna
Trog
Uskayaw
Vehumet
Xom
Yredelemnul
Zin
The Shining One

Shops:
D:4 [   D:7 (

Annotations:
Lair:4 Kirke, Nessos


Innate Abilities, Weirdness & Mutations

You are very small and have problems with some larger weapons.
You are too small for most types of armour.
You have supernaturally acute eyesight. (SInv)
You are a herbivore.
You cover ground extremely quickly.
You need consume almost no food.


Message History

The catoblepas breathes a plume of calcifying dust at you.
The blast of calcifying dust hits you!
You take 4 damage, and have 47/51 hp.
Aim: a catoblepas (calcifying dust)
Okay, then.
The ball explodes into a vile cloud!
The stinking cloud engulfs the catoblepas.
You hear an angry growl.
You hear a shout!
You now have 32/37 mp.
The catoblepas is engulfed in noxious fumes.
The catoblepas appears confused.
The catoblepas is engulfed in noxious fumes.
The catoblepas appears confused.
The catoblepas is engulfed in noxious fumes.
A polar bear comes into view.
You hit the catoblepas but do no damage.
The catoblepas is poisoned.
The catoblepas is engulfed in noxious fumes.
The catoblepas appears confused.
Aim: a polar bear The ball explodes into a vile cloud!
The stinking cloud engulfs the polar bear.
The polar bear is engulfed in noxious fumes.
The polar bear appears confused.
You now have 30/37 mp.
The polar bear is engulfed in noxious fumes.
The polar bear appears confused.
You see here a ring mail.
Nessos shouts!
Nessos wields a longbow of flaming.
It bursts into flame!
Nessos shoots an arrow.
You block the arrow.
You see here an arrow.
Nessos casts a spell.
Nessos seems to speed up.
Nessos shoots an arrow.
The arrow is repelled.
You see here an arrow.
Health restored: 51
Aim: Nessos, wielding a longbow of flaming and wearing a centaur barding (fast)
The ball explodes into a vile cloud!
The stinking cloud engulfs Nessos.
Nessos is engulfed in noxious fumes.
Nessos appears confused.
Nessos is engulfed in noxious fumes.
You now have 31/37 mp.
Nessos is engulfed in noxious fumes.
Nessos appears confused.
You catch the helpless Nessos completely off-guard!
You impale Nessos!!
Nessos is engulfed in noxious fumes.
Nessos appears confused.
Nessos unwields an uncursed longbow of flaming.
It stops flaming.
Nessos misses you.
You strike the helpless Nessos from behind!
You impale Nessos!!
Nessos laughs crazily.
You hit Nessos.
Nessos is poisoned.
Nessos ponders the situation.
The catoblepas breathes a plume of calcifying dust at you.
The blast of calcifying dust hits the plant.
The blast of calcifying dust hits you!
The ball explodes into a vile cloud!
The stinking cloud engulfs the catoblepas.
You hear a roar!
The catoblepas is engulfed in noxious fumes.
The catoblepas appears confused.
You now have 30/37 mp.
The catoblepas is engulfed in noxious fumes.
The seven-headed hydra roars!
You catch the helpless catoblepas completely off-guard!
You perforate the catoblepas like a sieve!!!
The catoblepas looks as sick as possible!
You hit the catoblepas but do no damage.
The catoblepas seems less confused.
Aim: a catoblepas (heavily wounded, poisoned)
The stone arrow hits the catoblepas.
The manticore flicks its tail.
The volley of spikes hits you!
The barbed spikes become lodged in your body.
You take 2 damage, and have 49/51 hp.
You now have 29/37 mp.
The barbs in your skin will harm you if you move.
Continue?
Okay, then.
As you read the scroll of teleportation, it crumbles to dust.
You feel strangely unstable. The seven-headed hydra bites you!
The seven-headed hydra bites you. The seven-headed hydra bites you! x2
* * * LOW HITPOINT WARNING * * *
The seven-headed hydra bites you.
* * * LOW HITPOINT WARNING * * *
The seven-headed hydra bites you!
* * * LOW HITPOINT WARNING * * *
You block the seven-headed hydra's attack.
You take 48 damage, and have 1/51 hp.
MASSIVE DAMAGE!!
The barbs in your skin will harm you if you move.
Continue?
Okay, then.
You feel much better.
The manticore flicks its tail.
You block the volley of spikes. The catoblepas completely misses you.
You block the seven-headed hydra's attack.
The seven-headed hydra closely misses you.
The seven-headed hydra bites you!
* * * LOW HITPOINT WARNING * * *
The seven-headed hydra bites you.
You die...

...(.............................
.................................
.............####.#..#..........†
.............# #######.....P..P.
............H##########........##
c.#..###.........##...###...†....
...#.####........##.....#....#...
..#..........##..##....##...##...
..#....##....###@.##.............
...#Y..#......##DY##..P.....#P...
........#....###..###P...........
..####.#c....P#..P# ###.....P#..#
...##..[#.(......########....#.#.
.......(..........c..............
#.#########P.#######.##..#P##..##
### #### #########.#### ###


You could see a catoblepas, a seven-headed hydra and a manticore.

Vanquished Creatures
  Snorg (D:11)
  Harold (Lair:1)
  5 hydras
  Erica (Lair:1)
  A centaur warrior (D:10)
  3 two-headed ogres
  A manticore (D:11)
  2 black mambas
  An ice statue (IceCv)
  Maurice (D:11)
  3 spiny frogs
  4 komodo dragons
  9 ice devils (IceCv)
  2 trolls (D:11)
  11 blink frogs
  3 hippogriffs
  Sigmund (D:3)
  A spriggan (D:7)
  16 yaks
  2 wyverns
  A hog (Lair:4)
  A steam dragon (D:9)
  A hungry ghost (D:8)
  3 water moccasins (Lair:4)
  2 porcupines
  An eye of draining (D:10)
  3 ice beasts
  5 orc warriors
  5 sky beasts
  3 phantoms
  A black bear (D:9)
  4 ogres
  2 wolves (Lair:4)
  A necrophage (D:8)
  5 crocodiles
  8 centaurs
  A big kobold (D:9)
  9 bullfrogs
  2 scorpions
  3 killer bees (D:9)
  4 wights (D:11)
  An electric eel (D:9)
  5 howler monkeys (D:8)
  2 crimson imps
  A bullfrog zombie (D:6)
  5 orc priests
  A jelly (D:10)
  A gnoll shaman (D:8)
  4 hounds
  6 orc wizards
  A bullfrog skeleton (D:7)
  9 worker ants
  5 iguanas
  2 hell rats (Lair:4)
  2 hound zombies
  2 hound skeletons
  2 worker ant zombies
  Robin (D:3)
  8 gnolls
  5 river rats (Lair:4)
  12 adders
  A howler monkey skeleton (D:10)
  4 shadow imps
  7 white imps (IceCv)
  7 ufetubi (IceCv)
  An adder zombie (D:5)
  3 adder skeletons
  2 worms
  2 dart slugs
  3 leopard geckos
  46 orcs
  6 bats
  4 giant cockroaches
  13 goblins
  14 hobgoblins
  19 jackals
  11 kobolds
  5 quokkas
  7 frilled lizards
  3 jackal skeletons
  A quokka skeleton (D:8)
  8 rats
376 creatures vanquished.

Vanquished Creatures (collateral kills)
  A necrophage (D:7)
1 creature vanquished.

Vanquished Creatures (others)
  A reaper (IceCv)
  An ogre (D:6)
  A white imp (IceCv)
  4 ufetubi (IceCv)
  A ball lightning (D:11)
  4 fungi (Lair:4)
  4 plants
16 creatures vanquished.

Grand Total: 393 creatures vanquished

Notes
Turn   | Place    | Note
-------+----------+-------------------------------------------
     0 | D:1      | drasked the Spriggan Wizard began the quest for the Orb.
     0 | D:1      | Reached XP level 1. HP: 9/9 MP: 6/6
    59 | D:1      | Reached skill level 1 in Conjurations
   214 | D:1      | HP: 2/9 [kobold/dagger (2)]
   495 | D:1      | Reached XP level 2. HP: 9/13 MP: 1/8
   499 | D:1      | Learned a level 2 spell: Blink
   502 | D:1      | Learned a level 2 spell: Call Imp
   505 | D:1      | Learned a level 2 spell: Repel Missiles
  1203 | D:1      | Reached XP level 3. HP: 16/16 MP: 6/9
  1544 | D:1      | Reached skill level 1 in Short Blades
  1641 | D:1      | Learned a level 3 spell: Mephitic Cloud
  1728 | D:2      | Reached skill level 4 in Stealth
  2136 | D:2      | Reached XP level 4. HP: 21/21 MP: 6/11
  2325 | D:3      | Noticed Robin
  2554 | D:3      | Noticed Sigmund
  2578 | D:3      | Found a snail-covered altar of Cheibriados.
  2884 | D:3      | Killed Sigmund
  2884 | D:3      | Reached skill level 2 in Short Blades
  2884 | D:3      | Reached skill level 5 in Stealth
  2884 | D:3      | Reached skill level 5 in Spellcasting
  2884 | D:3      | Reached skill level 2 in Conjurations
  2884 | D:3      | Reached XP level 5. HP: 24/24 MP: 9/13
  2908 | D:3      | Found a white marble altar of Elyvilon.
  3284 | D:3      | Killed Robin
  3284 | D:3      | Reached XP level 6. HP: 28/28 MP: 2/15
  3787 | D:3      | Found an iron altar of Okawaru.
  4047 | D:4      | Found Sedidet's Antique Armour Emporium.
  4054 | D:4      | Bought a ripped robe for 136 gold pieces
  4064 | D:4      | Identified the +1 robe "Ivviwad" {+Inv rN+} (You bought it in a shop on level 4 of the Dungeon)
  4176 | D:4      | Found an opulent altar of Gozag.
  4246 | D:4      | Reached skill level 3 in Short Blades
  4246 | D:4      | Reached skill level 6 in Stealth
  4712 | D:5      | Entered Level 5 of the Dungeon
  4729 | D:5      | You fall through a shaft for 2 floors!
  4729 | D:7      | Noticed a sky beast
  4749 | D:7      | Killed a sky beast
  4749 | D:7      | Reached skill level 6 in Spellcasting
  4749 | D:7      | Reached skill level 1 in Air Magic
  4749 | D:7      | Reached skill level 1 in Poison Magic
  4749 | D:7      | Reached XP level 7. HP: 31/32 MP: 7/17
  5148 | D:6      | Reached skill level 3 in Conjurations
  5475 | D:6      | Learned a level 3 spell: Conjure Flame
  5786 | D:6      | Reached skill level 7 in Stealth
  5786 | D:6      | Reached skill level 2 in Air Magic
  5786 | D:6      | Reached skill level 2 in Poison Magic
  5890 | D:6      | Reached XP level 8. HP: 35/36 MP: 2/19
  6378 | D:6      | Reached skill level 7 in Spellcasting
  6886 | D:7      | Reached skill level 3 in Poison Magic
  6899 | D:7      | Reached skill level 3 in Air Magic
  6992 | D:7      | Found Kagrouxi's Weapon Emporium.
  7157 | D:7      | Reached skill level 8 in Stealth
  7866 | D:7      | Reached skill level 4 in Conjurations
  7953 | D:7      | Found a blossoming altar of Fedhas.
  8325 | D:5      | Found a shimmering altar of Xom.
  8325 | D:5      | Found a bloodstained altar of Trog.
  8328 | D:5      | Found a deep blue altar of Sif Muna.
  8420 | D:5      | Found a shadowy altar of Dithmenos.
  8760 | D:5      | Found a staircase to the Ecumenical Temple.
  8768 | Temple   | Entered the Ecumenical Temple
  8939 | Temple   | Became a worshipper of Vehumet
  9083 | D:5      | Reached XP level 9. HP: 39/39 MP: 21/21
  9410 | D:8      | Reached skill level 4 in Poison Magic
  9449 | D:7      | Learned a level 3 spell: Stone Arrow
  9452 | D:7      | Learned a level 2 spell: Passwall
  9520 | D:7      | Reached skill level 9 in Stealth
  9520 | D:7      | Reached skill level 8 in Spellcasting
  9645 | D:7      | Reached skill level 1 in Transmutations
  9662 | D:8      | Noticed a two-headed ogre
  9680 | D:7      | Reached skill level 1 in Earth Magic
 10041 | D:8      | Reached skill level 2 in Transmutations
 10790 | D:8      | Reached skill level 1 in Charms
 10841 | D:8      | Reached skill level 2 in Charms
 10841 | D:8      | Reached skill level 2 in Earth Magic
 10845 | D:8      | Reached * piety under Vehumet
 10845 | D:8      | Offered knowledge of Shock by Vehumet.
 11112 | D:8      | Reached skill level 10 in Stealth
 11141 | D:8      | Reached skill level 3 in Charms
 11481 | D:8      | HP: 9/39 [two-headed ogre/giant club (25)]
 11560 | D:8      | Killed a two-headed ogre
 11560 | D:8      | Reached skill level 9 in Spellcasting
 11560 | D:8      | Reached skill level 5 in Conjurations
 11560 | D:8      | Reached skill level 3 in Earth Magic
 11560 | D:8      | Reached XP level 10. HP: 20/44 MP: 8/24
 11830 | D:8      | Learned a level 2 spell: Swiftness
 12259 | D:9      | Reached skill level 11 in Stealth
 12536 | D:9      | Offered knowledge of Sting by Vehumet.
 12536 | D:9      | Reached skill level 4 in Earth Magic
 12752 | D:9      | Found a staircase to the Lair.
 12766 | D:9      | Reached ** piety under Vehumet
 12805 | D:9      | Identified a scroll of acquirement
 12806 | D:9      | Got a warped cloak
 12817 | D:9      | Identified the +1 cloak of Hur Qec {rN++ Dex+2} (You acquired it on level 9 of the Dungeon)
 13238 | D:10     | Entered Level 10 of the Dungeon
 13239 | D:10     | Noticed a two-headed ogre
 13244 | D:10     | Killed a two-headed ogre
 13244 | D:10     | Reached skill level 10 in Spellcasting
 13244 | D:10     | Reached skill level 4 in Charms
 13247 | D:10     | Reached skill level 12 in Stealth
 13315 | D:10     | Got a smoking buckler
 13452 | D:10     | Noticed a centaur warrior
 13591 | D:10     | Reached skill level 6 in Conjurations
 13719 | D:10     | Reached skill level 5 in Charms
 14049 | D:10     | Killed a centaur warrior
 14049 | D:10     | Reached XP level 11. HP: 47/47 MP: 26/26
 14214 | D:11     | Found a frozen archway.
 14221 | IceCv    | Entered an ice cave
 14265 | IceCv    | Offered knowledge of Throw Flame by Vehumet.
 15205 | IceCv    | Reached skill level 6 in Charms
 15392 | IceCv    | HP: 11/47 [ice devil (8)]
 15652 | IceCv    | Learned a level 2 spell: Throw Flame
 15735 | IceCv    | Reached skill level 13 in Stealth
 15838 | IceCv    | Killed a reaper
 16322 | IceCv    | Reached skill level 11 in Spellcasting
 16322 | IceCv    | Reached skill level 1 in Fire Magic
 16612 | IceCv    | Got a shimmering demon whip
 16765 | D:11     | Noticed a two-headed ogre
 16799 | D:11     | Killed a two-headed ogre
 16799 | D:11     | Reached skill level 7 in Charms
 16808 | D:11     | Learned a level 6 spell: Deflect Missiles
 17008 | D:11     | Found a staircase to the Orcish Mines.
 17039 | D:11     | Noticed a six-headed hydra
 17039 | D:11     | Reached *** piety under Vehumet
 17659 | D:11     | Killed a six-headed hydra
 17659 | D:11     | Reached skill level 2 in Fire Magic
 17896 | D:11     | Noticed Maurice
 17902 | D:11     | Killed Maurice
 17902 | D:11     | Reached skill level 8 in Charms
 17935 | D:11     | Noticed Snorg
 17974 | D:11     | Killed Snorg
 17974 | D:11     | Reached skill level 14 in Stealth
 17974 | D:11     | Reached skill level 7 in Conjurations
 18345 | Lair:1   | Entered Level 1 of the Lair of Beasts
 18354 | Lair:1   | Offered knowledge of Throw Icicle by Vehumet.
 18364 | Lair:1   | Noticed Harold
 18375 | Lair:1   | Killed Harold
 18375 | Lair:1   | Reached skill level 9 in Charms
 18544 | Lair:1   | Noticed a seven-headed hydra
 18605 | Lair:1   | Killed a seven-headed hydra
 18605 | Lair:1   | Reached XP level 12. HP: 21/51 MP: 22/28
 18892 | Lair:1   | Learned a level 4 spell: Throw Icicle
 19065 | Lair:1   | Identified the +11 demon whip of Uncomfortable Rashes {vamp, -Tele Int+4} (You found it in an ice cave)
 19072 | Lair:1   | Identified the +1 buckler "Giodih" {rF+ MR+ rCorr} (You found it on level 10 of the Dungeon)
 19135 | Lair:1   | Noticed Erica
 19147 | Lair:1   | Killed Erica
 19184 | Lair:1   | Reached skill level 1 in Shields
 19194 | Lair:1   | Reached skill level 4 in Dodging
 19210 | Lair:1   | Reached skill level 10 in Charms
 19419 | Lair:2   | Noticed an eight-headed hydra
 19428 | Lair:2   | Killed an eight-headed hydra
 19500 | Lair:2   | Reached skill level 5 in Dodging
 19563 | Lair:2   | Found a staircase to the Snake Pit.
 19893 | Lair:2   | Reached skill level 2 in Shields
 19954 | Lair:2   | Reached **** piety under Vehumet
 20228 | Lair:3   | Reached skill level 6 in Dodging
 20240 | Lair:3   | Noticed an eight-headed hydra
 20257 | Lair:3   | Killed an eight-headed hydra
 20381 | Lair:3   | Noticed a seven-headed hydra
 20391 | Lair:3   | Reached skill level 11 in Charms
 20406 | Lair:3   | Killed a seven-headed hydra
 20406 | Lair:3   | Reached skill level 7 in Dodging
 20406 | Lair:3   | Reached skill level 3 in Shields
 21068 | Lair:4   | Reached skill level 8 in Dodging
 21296 | Lair:4   | Noticed Kirke
 21334 | Lair:4   | Offered knowledge of Iskenderun's Mystic Blast by Vehumet.
 21360 | Lair:4   | Reached skill level 4 in Shields
 21539 | Lair:4   | Found a staircase to the Shoals.
 21771 | Lair:4   | Noticed a seven-headed hydra
 21791 | Lair:4   | Noticed Nessos
 22001 | Lair:4   | Noticed a catoblepas
 22059 | Lair:4   | HP: 11/51 [seven-headed hydra (4)]
 22059 | Lair:4   | HP: 1/51 [seven-headed hydra (10)]
 22060 | Lair:4   | Slain by a seven-headed hydra

Vault maps used:
D:1:      tarquinn_simple_flora_water_c
D:3:      elyvilon_altar_3, lemuel_crystal_altar, kennysheep_slug_shrine,
          uniq_robin, uniq_sigmund
D:4:      serial_shops, nicolae_shop_trees, grunt_gozag_statues
D:5:      nicolae_overflow_hidden_temple, temple_green, first_bread, basic_altar
D:6:      minmay_strange_pillars
D:7:      fedhas_altar_1, serial_shops, nicolae_shop_window_shopping,
          the_bakery, grunt_ministairs_14
D:9:      erik_lair_dragon, minmay_misc_feat_roman, water_maze_lemuel
D:10:     hangedman_decor_opposing
D:11:     david_orc_2, portal_ice_cave_entry_pillars_1, uniq_snorg, uniq_maurice
Temple:   regret_index_temple_waves
Lair:1:   lemuel_old_faithful, grunt_megastairs_2, uniq_erica, uniq_harold
Lair:2:   dummy_snake_entry, serial_bayou_shore_b
Lair:3:   minivault_19, grunt_megastairs_4
Lair:4:   minmay_shoals_entry_beasts, kennysheep_rathole, grunt_megastairs_1,
          uniq_nessos, uniq_kirke
IceCv:    ice_cave_small_demon

Skill      XL: |  1  2  3  4  5  6  7  8  9 10 11 12 |
---------------+-------------------------------------+-----
Conjurations   | 1 2 3 4 5 6 7 |  7.3
Short Blades   | 1 2 3 |  3.1
Stealth        | 4 5 6 7 8 10 12 14 | 14.5
Spellcasting   | 5 6 7 9 10 11 | 11.9
Air Magic      | 1 2 3 |  3.9
Poison Magic   | 1 2 3 4 |  4.0
Transmutations | 2 |  2.3
Earth Magic    | 3 4 |  4.0
Charms         | 3 5 9 11 | 11.8
Fire Magic     | 2 |  2.0
Shields        | 4 |  4.0
Dodging        | 8 |  8.6
Summonings     | |  0.7
Translocations | |  1.5

Action                   |  1- 3 |  4- 6 |  7- 9 | 10-12 || total
-------------------------+-------+-------+-------+-------++-------
Melee: Dagger            |    43 |    69 |   180 |   319 ||   611
       Unarmed           |     5 |       |       |       ||     5
 Cast: Magic Dart        |   113 |   100 |   286 |    65 ||   564
       Repel Missiles    |     2 |       |     2 |     1 ||     5
       Mephitic Cloud    |       |    15 |    55 |    88 ||   158
       Conjure Flame     |       |       |     9 |       ||     9
       Call Imp          |       |       |     1 |     4 ||     5
       Stone Arrow       |       |       |    17 |   202 ||   219
       Passwall          |       |       |     2 |       ||     2
       Blink             |       |       |       |     2 ||     2
       Throw Flame       |       |       |       |    16 ||    16
 Abil: Evoke Flight      |       |       |       |     2 ||     2
       Stop Flying       |       |       |       |     1 ||     1
Evoke: Wand              |       |       |       |     2 ||     2
  Use: Scroll            |       |       |    24 |    16 ||    40
       Potion            |       |       |       |     1 ||     1
 Stab: Sleeping          |     3 |     1 |     7 |    39 ||    50
       Confused          |       |    11 |    19 |    45 ||    75
       Distracted        |       |       |     2 |       ||     2
  Eat: Fruit             |       |     4 |     2 |     8 ||    14
       Bread ration      |       |       |     1 |       ||     1
Armor: Robe              |    32 |     4 |     9 |    18 ||    63
Dodge: Dodged            |   113 |    47 |   111 |   143 ||   414
       Deflected         |     4 |       |     7 |     7 ||    18
Block: Buckler           |       |       |       |    22 ||    22

Vault maps used:
D:1:      tarquinn_simple_flora_water_c
D:3:      elyvilon_altar_3, lemuel_crystal_altar, kennysheep_slug_shrine,
          uniq_robin, uniq_sigmund
D:4:      serial_shops, nicolae_shop_trees, grunt_gozag_statues
D:5:      nicolae_overflow_hidden_temple, temple_green, first_bread, basic_altar
D:6:      minmay_strange_pillars
D:7:      fedhas_altar_1, serial_shops, nicolae_shop_window_shopping,
          the_bakery, grunt_ministairs_14
D:9:      erik_lair_dragon, minmay_misc_feat_roman, water_maze_lemuel
D:10:     hangedman_decor_opposing
D:11:     david_orc_2, portal_ice_cave_entry_pillars_1, uniq_snorg, uniq_maurice
Temple:   regret_index_temple_waves
Lair:1:   lemuel_old_faithful, grunt_megastairs_2, uniq_erica, uniq_harold
Lair:2:   dummy_snake_entry, serial_bayou_shore_b
Lair:3:   minivault_19, grunt_megastairs_4
Lair:4:   minmay_shoals_entry_beasts, kennysheep_rathole, grunt_megastairs_1,
          uniq_nessos, uniq_kirke
IceCv:    ice_cave_small_demon

Table legend:
 A = Turns spent in this place as a percentage of turns spent in the entire game.
 B = Non-inter-level travel turns spent in this place as a percentage of non-inter-level travel turns spent in the entire game.
 C = Inter-level travel turns spent in this place as a percentage of turns spent in this place.
 D = Turns resting spent in this place as a percentage of non-inter-level travel turns spent in this place.
 E = Turns spent auto-exploring this place as a percentage of non-inter-level travel turns spent in this place.
 F = Non-inter-level travel turns spent in this place divided by the number of levels of this place that you've seen.
                   A       B       C       D       E      F
               +-------+-------+-------+-------+-------+----------------------
         Total | 100.0 | 100.0 |   0.5 |   2.9 |   5.9 | 449.9
       Dungeon |  70.6 |  70.6 |   0.6 |   3.2 |   6.7 | 490.5
        Temple |   0.7 |   0.7 |   2.0 |   0.0 |  26.0 |  50.0
          Lair |  14.2 |  14.2 |   0.4 |   2.0 |   6.1 | 271.0
      Ice Cave |  14.6 |  14.6 |   0.0 |   2.4 |   0.8 | 1118.0
               +-------+-------+-------+-------+-------+----------------------

Table legend:
 A = Kills in this place as a percentage of kills in entire the game.
 B = Kills by you in this place as a percentage of kills by you in the entire game.
 C = Kills by friends in this place as a percentage of kills by friends in the entire game.
 D = Other kills in this place as a percentage of other kills in the entire game.
 E = Experience gained in this place as a percentage of experience gained in the entire game.
 F = Experience gained in this place divided by the number of levels of this place that you have seen.
                   A       B       C       D       E      F
               +-------+-------+-------+-------+-------+----------------------
         Total | 100.0 | 100.0 | 100.0 | 100.0 | 100.0 | 2187.3
       Dungeon |  75.9 |  75.2 | 100.0 |  84.6 |  44.5 | 1504.8
          Lair |  17.7 |  18.2 |   0.0 |  11.5 |  45.7 | 4251.0
      Ice Cave |   6.3 |   6.6 |   0.0 |   3.8 |   9.8 | 3627.0
               +-------+-------+-------+-------+-------+----------------------
